 Dungeon Crawl Stone Soup version 0.20.1-1-g8b1a95d (webtiles) character file.

16471 Holzbox the Brawler (level 12, -2/113 HPs)
             Began as a Troll Berserker on Sept 16, 2017.
             Was a High Priest of Trog.
             Slain by a cacodemon (6 damage)
             ... on level 2 of the Abyss.
             The game lasted 01:37:31 (8571 turns).

Holzbox the Brawler (Troll Berserker)               Turns: 8571, Time: 01:37:33

Health: -2/113     AC: 12    Str: 34    XL:     12   Next: 10%
Magic:  0/11       EV: 10    Int:  3    God:    Trog [*****.]
Gold:   543        SH:  0    Dex:  9    Spells: 11/11 levels left

rFire    + . .     SeeInvis .     - Unarmed
rCold    + . .     Gourm    +   (no shield)
rNeg     . . .     Faith    .   C - +0 storm dragon scales
rPois    .         Spirit   +   l - +1 hat
rElec    +         Reflect  .   j - +0 cloak
rCorr    .         Harm     .   (gloves unavailable)
MR       ++...                  (boots unavailable)
Stlth    ..........             e - amulet of guardian spirit
Regen    1.7/turn               g - +2 ring of strength
MPRegen  0.2/turn               q - ring of protection from fire

@: about to teleport, regenerating
A: unfitting armour, claws 3, cold resistance 1, deformed body, fast metabolism
3, gourmand, regeneration 1, shaggy fur 1, tough skin 2
a: Berserk, Trog's Hand, Brothers in Arms, Burn Spellbooks, Renounce Religion


You were on level 2 of the Abyss.
You worshipped Trog.
Trog was extremely pleased with you.
You were full.

You visited 1 branch of the dungeon, and saw 11 of its levels.
You visited the Abyss 1 time.

You collected 543 gold pieces.

Inventory:

Hand Weapons
 s - a cursed -1 lajatang
Armour
 j - a +0 cloak (worn)
 l - a +1 hat (worn)
 C - +0 storm dragon scales (worn)
Jewellery
 a - an uncursed amulet of regeneration
 e - an amulet of guardian spirit (around neck)
 g - a +2 ring of strength (left claw)
 q - a ring of protection from fire (right claw)
Wands
 i - a wand of paralysis (12/24)
 v - a wand of flame (19/48)
Scrolls
 c - a scroll of enchant weapon
 d - 6 scrolls of identify
 n - a scroll of recharging
 o - 3 scrolls of teleportation
 z - a scroll of remove curse
Potions
 h - 2 potions of ambrosia
 m - a potion of magic {unknown}
 p - a potion of berserk rage
Miscellaneous
 D - a fan of gales
 E - 2 sacks of spiders
Comestibles
 b - 12 bread rations
 k - 8 meat rations
 t - 7 fruits
 x - 6 royal jellies


   Skills:
 + Level 5.9 Fighting
 + Level 4.5 Armour
 + Level 7.2 Dodging
 + Level 2.4 Stealth
 + Level 15.0 Unarmed Combat


You had 11 spell levels left.
You didn't know any spells.

Dungeon Overview and Level Annotations

Branches:
Dungeon (11/15)            Temple (0/1) D:5            Lair (0/6) D:11
    Orc (0/2) D:10

Altars:
Cheibriados
Kikubaaqudgha
Makhleb
Okawaru
Ru
Sif Muna
Xom
Zin

Shops:
D:10 }

Annotations:
D:11 Psyche


Innate Abilities, Weirdness & Mutations

You are too large for most types of armour.
You have claws for hands.
Your metabolism is lightning-fast.
You like to eat raw meat.
Your natural rate of healing is unusually fast.
You are covered in fur. (AC +1)
You have very tough skin. (AC +2)
Your flesh is cold resistant. (rC+)
Armour fits poorly on your strangely shaped body.


Message History

The cacodemon hits you!
* * * LOW HITPOINT WARNING * * *
The cacodemon hits you but does no damage.
The orange demon stings you!
* * * LOW HITPOINT WARNING * * *
The orange demon hits you but does no damage.
The sixfirhy hits you but does no damage.
As you read the scroll of teleportation, it crumbles to dust.
You feel strangely unstable.
You feel the power of the Abyss delaying your translocation!
The sixfirhy hits you but does no damage.
The sixfirhy hits you.
* * * LOW HITPOINT WARNING * * *
The sixfirhy shocks you. You resist.
* * * LOW HITPOINT WARNING * * *
The sixfirhy hits you but does no damage.
The cacodemon hits you.
* * * LOW HITPOINT WARNING * * *
The cacodemon hits you.
You die...

..# . . #.#..##. #
#..#... ##. .#..
#....###. .#... .#
#...#.. . .###
..##...#.## . ..#
.#.#..#.#.###...#
........@4.....##
###....2#3#.....# .
........#.......#..
.#..............≈. .
. .#......#..>≈.≈.≈≈.
##.
........#.......≈≈###
..........).....≈≈≈#
.#....#.........≈≈≈ ≈
.....#...... ≈≈≈≈≈≈


You could see a cacodemon, an orange demon and a sixfirhy.

Vanquished Creatures
  3 two-headed ogres
  The ghost of supermoro the Destroyer, a novice DrCj of Vehumet (D:10)
  3 death yaks (D:11)
  A sixfirhy (Abyss:2)
  The ghost of Nydiazath the Covert, a novice SpEn of Okawaru (D:9)
  Pikel (D:4)
  A gargoyle (D:11)
  A komodo dragon (D:11)
  2 trolls (D:10)
  A hornet (D:7)
  2 hippogriffs
  11 yaks
  A human (D:7)
  2 wyverns (D:9)
  4 hogs (D:7)
  Menkaure (D:5)
  3 water moccasins
  5 orc warriors
  3 ice beasts
  A hornet zombie (D:6)
  An eye of draining (D:9)
  4 sky beasts
  A black bear (D:10)
  4 phantoms
  4 ogres
  A centaur (D:11)
  A necrophage (D:11)
  2 big kobolds
  5 bullfrogs
  A gnoll sergeant (D:7)
  A wyvern zombie (D:9)
  A wyvern skeleton (D:9)
  2 scorpions
  A water moccasin skeleton (D:11)
  11 killer bees
  11 wights
  4 electric eels (D:10)
  4 howler monkeys (D:7)
  6 crimson imps
  A centaur zombie (D:7)
  7 hounds
  A bullfrog zombie (D:6)
  A bullfrog skeleton (D:6)
  4 jellies
  2 gnoll shamans
  3 orc priests
  11 orc wizards
  A centaur skeleton (D:10)
  Jessica (D:2)
  2 iguanas
  7 worker ants
  2 worker ant zombies
  15 gnolls
  15 adders
  3 shadow imps
  An ooze (D:4)
  An adder zombie (D:8)
  An adder skeleton (D:6)
  A worm (D:2)
  A dart slug (D:1)
  4 leopard geckos
  39 orcs
  A ball python (D:2)
  7 bats
  4 giant cockroaches
  6 goblins
  6 hobgoblins
  13 jackals
  4 quokkas
  3 frilled lizards
  12 kobolds
  A quokka zombie (D:7)
  12 rats
306 creatures vanquished.

Vanquished Creatures (others)
  A crimson imp (D:10)
  A giant cockroach (D:4)
2 creatures vanquished.

Grand Total: 308 creatures vanquished

Notes
Turn   | Place    | Note
-------+----------+-------------------------------------------
     0 | D:1      | Holzbox the Troll Berserker began the quest for the Orb.
     0 | D:1      | Reached XP level 1. HP: 22/22 MP: 0/0
   252 | D:1      | Reached XP level 2. HP: 29/29 MP: 1/1
   731 | D:2      | Reached XP level 3. HP: 36/36 MP: 2/2
   967 | D:2      | Reached ** piety under Trog
  1154 | D:2      | Noticed Jessica
  1161 | D:2      | Killed Jessica
  1161 | D:2      | Reached skill level 4 in Unarmed Combat
  1161 | D:2      | Reached XP level 4. HP: 44/44 MP: 3/3
  1327 | D:3      | You fall through a shaft!
  1330 | D:4      | Noticed a slave
  1332 | D:4      | Noticed Pikel
  1332 | D:4      | Noticed a slave
  1333 | D:4      | Noticed a slave
  1392 | D:3      | Reached XP level 5. HP: 45/52 MP: 4/4
  1528 | D:3      | Found a faded altar of an unknown god.
  1529 | D:3      | Found an iron altar of Okawaru.
  1551 | D:3      | Found a snail-covered altar of Cheibriados.
  1892 | D:3      | Found a deep blue altar of Sif Muna.
  1892 | D:3      | Found a burning altar of Makhleb.
  2047 | D:4      | Reached skill level 5 in Unarmed Combat
  2094 | D:4      | Noticed a slave
  2098 | D:4      | Killed Pikel
  2098 | D:4      | Reached skill level 6 in Unarmed Combat
  2098 | D:4      | Reached XP level 6. HP: 57/61 MP: 1/5
  2098 | D:4      | Reached XP level 7. HP: 62/67 MP: 1/6
  2641 | D:5      | Entered Level 5 of the Dungeon
  2658 | D:5      | Reached skill level 7 in Unarmed Combat
  2704 | D:5      | Gained mutation: You are robust. (+10% HP) [potion of mutation]
  2704 | D:5      | Gained mutation: You have an increased reservoir of magic. (+10% MP) [potion of mutation]
  2704 | D:5      | Gained mutation: Your spells are a little harder to cast, but a little more powerful. [potion of mutation]
  2705 | D:5      | Lost mutation: Your spells are a little harder to cast, but a little more powerful. [potion of mutation]
  2705 | D:5      | Lost mutation: You are robust. (+10% HP) [potion of mutation]
  2705 | D:5      | Lost mutation: You have an increased reservoir of magic. (+10% MP) [potion of mutation]
  2705 | D:5      | Gained mutation: Your spells are a little harder to cast, but a little more powerful. [potion of mutation]
  2705 | D:5      | Gained mutation: Your mind is acute. (Int +2) [potion of mutation]
  2728 | D:5      | Found a staircase to the Ecumenical Temple.
  2741 | D:5      | Reached XP level 8. HP: 75/75 MP: 7/7
  2875 | D:5      | Lost mutation: Your spells are a little harder to cast, but a little more powerful. [potion of mutation]
  2875 | D:5      | Lost mutation: Your mind is acute. (Int +2) [potion of mutation]
  2875 | D:5      | Gained mutation: You are agile. (Dex +2) [potion of mutation]
  2875 | D:5      | Gained mutation: Your mind is acute. (Int +2) [potion of mutation]
  3018 | D:5      | Noticed Menkaure
  3027 | D:5      | Killed Menkaure
  3027 | D:5      | Reached skill level 5 in Dodging
  3027 | D:5      | Reached skill level 8 in Unarmed Combat
  3343 | D:6      | Reached skill level 1 in Stealth
  3416 | D:6      | Reached *** piety under Trog
  3427 | D:6      | Reached skill level 9 in Unarmed Combat
  3517 | D:6      | Found a glowing silver altar of Zin.
  3518 | D:6      | Noticed an angel
  3519 | D:6      | Found a shimmering altar of Xom.
  3548 | D:6      | Lost mutation: You are agile. (Dex +2) [potion of mutation]
  3548 | D:6      | Lost mutation: Your mind is acute. (Int +2) [potion of mutation]
  3548 | D:6      | Gained mutation: You expend magic power (3 MP) to strengthen your wands. [potion of mutation]
  3548 | D:6      | Gained mutation: Your spells are a little easier to cast, but a little less powerful. [potion of mutation]
  3548 | D:6      | Gained mutation: You have supernaturally acute eyesight. (SInv) [potion of mutation]
  4216 | D:7      | Reached XP level 9. HP: 79/84 MP: 6/8
  4275 | D:7      | Reached skill level 10 in Unarmed Combat
  4349 | D:7      | Reached **** piety under Trog
  4570 | D:7      | Reached skill level 11 in Unarmed Combat
  4826 | D:7      | Reached XP level 10. HP: 73/94 MP: 7/9
  5363 | D:8      | Lost mutation: Your spells are a little easier to cast, but a little less powerful. [potion of mutation]
  5363 | D:8      | Lost mutation: You have supernaturally acute eyesight. (SInv) [potion of mutation]
  5363 | D:8      | Lost mutation: You expend magic power (3 MP) to strengthen your wands. [potion of mutation]
  5363 | D:8      | Gained mutation: Your magical capacity is low. (-10% MP) [potion of mutation]
  5363 | D:8      | Gained mutation: Armour fits poorly on your strangely shaped body. [potion of mutation]
  5363 | D:8      | Lost mutation: Your magical capacity is low. (-10% MP) [potion of mutation]
  5363 | D:8      | Gained mutation: Your flesh is cold resistant. (rC+) [potion of mutation]
  5370 | D:8      | Found a sacrificial altar of Ru.
  5370 | D:8      | Found an ancient bone altar of Kikubaaqudgha.
  5752 | D:8      | Reached ***** piety under Trog
  6137 | D:9      | Reached skill level 12 in Unarmed Combat
  6148 | D:9      | Noticed a two-headed ogre
  6157 | D:9      | Killed a two-headed ogre
  6416 | D:9      | Noticed Nydiazath's ghost (novice SpEn)
  6425 | D:9      | Killed Nydiazath's ghost
  6425 | D:9      | Reached skill level 5 in Fighting
  6653 | D:9      | Reached skill level 13 in Unarmed Combat
  6890 | D:10     | Entered Level 10 of the Dungeon
  6899 | D:10     | Noticed a two-headed ogre
  6906 | D:10     | Killed a two-headed ogre
  6906 | D:10     | Reached XP level 11. HP: 104/104 MP: 10/10
  7188 | D:10     | Reached skill level 1 in Armour
  7245 | D:10     | Noticed supermoro's ghost (novice DrCj)
  7266 | D:10     | Killed supermoro's ghost
  7472 | D:10     | Found Vaad's Gadget Boutique.
  7578 | D:10     | Reached skill level 14 in Unarmed Combat
  7605 | D:10     | Received a gift from Trog
  7763 | D:10     | Found a staircase to the Orcish Mines.
  8133 | D:11     | Noticed a two-headed ogre
  8144 | D:11     | Killed a two-headed ogre
  8309 | D:11     | Noticed a death yak
  8312 | D:11     | Noticed a death yak
  8314 | D:11     | Noticed a death yak
  8315 | D:11     | Noticed Psyche
  8331 | D:11     | Killed a death yak
  8335 | D:11     | Killed a death yak
  8338 | D:11     | Killed a death yak
  8368 | D:11     | Reached XP level 12. HP: 67/113 MP: 11/11
  8393 | D:11     | Reached skill level 15 in Unarmed Combat
  8511 | D:11     | Found a staircase to the Lair.
  8516 | D:11     | Noticed a two-headed ogre
  8526 | D:11     | Cast into level 2 of the Abyss (Psyche)
  8568 | Abyss:2  | Noticed a cacodemon
  8571 | Abyss:2  | HP: 4/113 [cacodemon (4)]
  8571 | Abyss:2  | Slain by a cacodemon

Skill      XL: |  1  2  3  4  5  6  7  8  9 10 11 12 |
---------------+-------------------------------------+-----
Dodging        | 3 4 5 6 7 |  7.2
Unarmed Combat | 4 6 7 9 11 13 14 15 | 15.0
Fighting       | 3 4 5 |  5.9
Stealth        | 1 2 |  2.4
Armour         | 4 |  4.5

Action                   |  1- 3 |  4- 6 |  7- 9 | 10-12 || total
-------------------------+-------+-------+-------+-------++-------
Melee: Unarmed           |    75 |    80 |   253 |   451 ||   859
       Punch             |       |     2 |     6 |    26 ||    34
Invok: Berserk           |     1 |     1 |     3 |     9 ||    14
       Burn Spellbooks   |       |       |     1 |     1 ||     2
       Trog's Hand       |       |       |       |     1 ||     1
  Use: Scroll            |     2 |     3 |     7 |    11 ||    23
       Potion            |     2 |     1 |     7 |    13 ||    23
 Stab: Sleeping          |       |       |       |     1 ||     1
  Eat: Chunk             |    12 |    13 |    26 |    42 ||    93
       Fruit             |       |       |     1 |       ||     1
Armor: Animal skin       |    38 |    38 |    71 |    26 ||   173
       Storm dragon scal |       |       |       |   124 ||   124
Dodge: Dodged            |    43 |    46 |   149 |   187 ||   425
